 Dungeon Crawl Stone Soup version 0.28-a0-577-gb193047a1f (webtiles) character file.

Game seed: 12246794591362863838

54 vhaine the Poker (level 3, -2/27 HPs)
             Began as a Demonspawn Gladiator on Oct 2, 2021.
             Slain by a gnoll (6 damage)
             ... on level 2 of the Dungeon.
             The game lasted 00:02:19 (1145 turns).

vhaine the Poker (Demonspawn Gladiator)             Turns: 1145, Time: 00:02:19

Health: -2/27      AC:  5    Str: 15    XL:     3   Next: 66%
Magic:  3/3        EV: 12    Int:  9    God:
Gold:   68         SH:  0    Dex: 14    Spells: 2/2 levels left

rFire   . . .      SeeInvis .   f - +2 long sword (drain)
rCold   . . .      Faith    .   (no shield)
rNeg    . . .      Spirit   .   b - +0 leather armour
rPois   .          Reflect  .   c - +0 helmet
rElec   .          Harm     .   (no cloak)
rCorr   .          Rampage  .   l - +0 pair of gloves
Will    .....                   (no boots)
Stlth   +.........              (no amulet)
HPRegen 0.09/turn               (no ring)
MPRegen 0.08/turn               (no ring)

@: no status effects
A: spiny 1
a: no special abilities


You were on level 2 of the Dungeon.
You visited 1 branch of the dungeon, and saw 2 of its levels.

You collected 68 gold pieces.

Inventory:

Hand Weapons
 a - a +0 trident
 e - a +2 hand axe of freezing
 f - a +2 long sword of draining (weapon)
Missiles
 d - 3 throwing nets (quivered)
Armour
 b - a +0 leather armour (worn)
 c - a +0 helmet (worn)
 l - a +0 pair of gloves (worn)
Jewellery
 j - a ring of wizardry
Scrolls
 g - a scroll of teleportation {unknown}
 h - a scroll of blinking {unknown}
 i - a scroll of identify {unknown}
 k - a scroll of holy word {unknown}
 m - a scroll of brand weapon {unknown}
Potions
 n - a potion of invisibility {unknown}


   Skills:
 - Level 2.0 Fighting
 + Level 2.3 Long Blades
 - Level 3.3 Polearms
 - Level 1.7 Throwing
 - Level 2.6 Dodging


You had 2 spell levels left.
You didn't know any spells.
Your spell library was empty.

Dungeon Overview and Level Annotations

Branches:
Dungeon (2/15)

Altars:
Elyvilon


Innate Abilities, Weirdness & Mutations

You are partially covered in sharp spines.


Message History

Done waiting.
Things that are here:
a +0 spear; a gnoll corpse
Found a stone staircase leading up.
n - a grey potion A gnoll comes into view.
It is wielding a +2 flail of holy wrath.
The gnoll shouts!
You see here a giant cockroach corpse.
Things that are here:
a +0 spear; a gnoll corpse You start waiting.
A gnoll is nearby!
You hit the gnoll.
The gnoll is heavily wounded.
The gnoll is struck by your spines. The gnoll hits you with a +0 club.
You barely miss the gnoll.
The gnoll is heavily wounded.
The gnoll barely misses you.
You closely miss the gnoll. You hit the gnoll but do no damage.
The gnoll hits you with a +2 flail of holy wrath!
You convulse.
The gnoll barely misses you.
You hit the gnoll but do no damage. You drain the gnoll.
The gnoll is lightly wounded.
The gnoll is struck by your spines. The gnoll barely misses you.
You hit the gnoll but do no damage. You drain the gnoll.
The gnoll is severely wounded.
The gnoll closely misses you.
You closely miss the gnoll.
The gnoll is severely wounded.
The gnoll hits you with a +2 flail of holy wrath.
You convulse.
* * * LOW HITPOINT WARNING * * *
You are too injured to fight recklessly!
You are too injured to fight recklessly!
You barely miss the gnoll.
The gnoll is severely wounded.
The gnoll is struck by your spines.
The gnoll hits you with a +2 flail of holy wrath.
You die...

.#
##.###.##.#.#.#......l##.###.
.# .# #............... ##.#.#
.# .# ####.#.#.###... ##.##
.# .# #.....# ##.# ### .# .#
###.######.# .# #.....##.# .#
#####.##.# .# ##g#.##.### ##
###@#g.##...# ######.
#..###.gg...# .......
#.#.#.####..# ####### #.##.#
#..# # #.##.# #g.# # #.##.##
#g.# ..# ##.#...####..##.....
########...................
...<...........##..###g....


You could see a gnoll (drained).

Vanquished Creatures
  2 gnolls (D:2)
  2 dart slugs (D:1)
  3 ball pythons
  3 endoplasms
  A giant cockroach (D:2)
  3 goblins (D:1)
  A hobgoblin (D:2)
  A kobold (D:1)
  3 quokkas
  4 bats
  2 frilled lizards
  3 rats
28 creatures vanquished.

Notes
Turn   | Place    | Note
-------+----------+-------------------------------------------
     0 | D:1      | vhaine the Demonspawn Gladiator began the quest for the
                  | Orb.
     0 | D:1      | Reached XP level 1. HP: 16/16 MP: 1/1
    70 | D:1      | Reached skill level 3 in Polearms
   172 | D:1      | Gained mutation: You are partially covered in sharp spines.
                  | [demonic ancestry]
   172 | D:1      | Reached XP level 2. HP: 21/22 MP: 2/2
   345 | D:1      | Reached skill level 1 in Long Blades
   611 | D:2      | Reached XP level 3. HP: 27/27 MP: 3/3
  1145 | D:2      | Slain by a gnoll

Illustrated notes

Levels and vault maps discovered:
D:1:      dpeg_arrival_shelter, layout_rooms
D:2:      layout_loops_ring, basic_altar, kennysheep_cluttered_room

Skill      XL: |  1  2  3 |
---------------+----------+-----
Polearms       | 3 |  3.3
Long Blades    | 1 2 |  2.3
Fighting       | |  2.0
Throwing       | |  1.7
Dodging        | |  2.6

Action                   || total
-------------------------++-------
Melee: Hand axe          ||    10
       Trident           ||     6
       Long sword        ||    40
Armor: Leather armour    ||    11
Dodge: Dodged            ||    27

Table legend: (Time is in decaauts)
 A = Elapsed time spent in this place.
 B = Non-inter-level travel time spent in this place.
 C = Inter-level travel time spent in this place.
 D = Time resting spent in this place.
 E = Time spent auto-exploring this place.
 F = Levels seen in this place.
 G = Mean time per level.
                   A        B        C        D        E       F      G
               +--------+--------+--------+--------+--------+-----+--------+
         Total |   1159 |   1104 |     55 |    235 |    649 |   2 |  579.5 |
       Dungeon |   1159 |   1104 |     55 |    235 |    649 |   2 |  579.5 |
               +--------+--------+--------+--------+--------+-----+--------+

Top non-repeatable levels by time:
     D:1: 590 daAuts
     D:2: 568 daAuts
